 Dungeon Crawl Stone Soup version 0.21.1-1-g345015f (webtiles) character file.

149 Monsterracer the Slasher (level 5, -3/36 HPs)
             Began as an Octopode Wanderer on Feb 11, 2018.
             Slain by a phantom (10 damage)
             ... on level 4 of the Dungeon.
             The game lasted 00:02:35 (2624 turns).

Monsterracer the Slasher (Octopode Wanderer)        Turns: 2624, Time: 00:02:35

Health: -3/36      AC:  1    Str: 11    XL:     5   Next: 31%
Magic:  5/5        EV: 13    Int: 16    God:
Gold:   160        SH:  0    Dex: 11    Spells: 4/4 levels left

rFire    . . .     SeeInvis .   a - +2 falchion
rCold    . . .     Gourm    .   (no shield)
rNeg     . . .     Faith    .   (helmet restricted)
rPois    .         Spirit   .   (no amulet)
rElec    .         Reflect  .   (no ring)
rCorr    .         Harm     .   (no ring)
MR       .....                  (no ring)
Stlth    +++.......             (no ring)
HPRegen  0.12/turn              (no ring)
MPRegen  0.09/turn              (no ring)
                                (no ring)
                                (no ring)

@: no status effects
A: almost no armour, stealthy swim, amphibious, 8 rings, constrict 8, camouflage
1, gelatinous body 1
a: no special abilities


You were on level 4 of the Dungeon.
You were not hungry.

You visited 1 branch of the dungeon, and saw 4 of its levels.

You collected 160 gold pieces.

Inventory:

Hand Weapons
 a - a +2 falchion (weapon)
Armour
 j - a +0 buckler
Potions
 b - a potion of curing
 d - a potion of lignification
 e - a potion of brilliance
 h - a potion of haste
 k - a potion of invisibility
 m - a potion of magic
Comestibles
 c - 5 rations


   Skills:
 + Level 3.3 Fighting
 * Level 4.1 Long Blades
   Level 2.0 Bows
 - Level 1.0 Throwing
 + Level 2.4 Dodging
 + Level 2.4 Stealth
 + Level 1.0 Shields


You had 4 spell levels left.
You didn't know any spells.

Dungeon Overview and Level Annotations

Branches:
Dungeon (4/15)
 Temple: D:4-7

Altars:

Annotations:
D:4 batai666's ghost, weakling GrEE


Innate Abilities, Weirdness & Mutations

You cannot wear most types of armour.
You are very stealthy in the water. (Stealth+)
You are amphibious.
You can wear up to eight rings at the same time.
You can use your tentacles to constrict eight enemies at once.
Your skin changes colour to match your surroundings (Stealth+).
Your rubbery body absorbs attacks. (AC +1, EV +1)


Message History

You hit the rat.
You kill the rat!
A goblin comes into view. It is wielding a club.
A goblin is nearby!
The goblin shouts!
A goblin is nearby!
The goblin hits you with a club.
You take 2 damage, and have 34/36 hp.
You slash the goblin!
You kill the goblin!
No target in view!
Things that are here:
a club; a goblin corpse; Health restored: 36 No target in view!
Found a stone staircase leading down.
c - 5 rations (gained 1) Key pressed, stopping explore.
No target in view!
Done exploring.
No target in view!
No target in view!
Done exploring.
No target in view!
Done exploring.
No target in view!
Done exploring.
There is a stone staircase leading down here.
You climb downwards.
A bullfrog skeleton comes into view.
There is a stone staircase leading up here.
Okay, then.
The helpless bullfrog skeleton fails to defend itself.
You slash the bullfrog skeleton! Your grab misses the bullfrog skeleton.
You squeeze the bullfrog skeleton, but do no damage.
The bullfrog skeleton is moderately damaged.
The bullfrog skeleton closely misses you.
You riposte.
You hit the bullfrog skeleton. Your grab misses the bullfrog skeleton.
The bullfrog skeleton is heavily damaged.
You slash the bullfrog skeleton! Your grab misses the bullfrog skeleton.
The bullfrog skeleton is severely damaged.
The bullfrog skeleton hits you. x2
You take 3 damage, and have 33/36 hp.
You hit the bullfrog skeleton. You grab the bullfrog skeleton.
You destroy the bullfrog skeleton!
Your Shields skill increases to level 1!
As you read the scroll of identify, it crumbles to dust.
m - a potion of magic
As you read the scroll labeled JOALUDI GEIBB, it crumbles to dust.
You feel strangely unstable.
It was a scroll of teleportation.
As you read the scroll labeled BAC TAUMPOI, it crumbles to dust.
You feel blessed for a moment.
It was a scroll of remove curse.
As you read the scroll labeled UNAITI YNAED, it crumbles to dust.
The air around you briefly surges with heat, but it dissipates.
It was a scroll of immolation.
Your surroundings suddenly seem different.
Found 11 gold pieces.
Batai666's ghost (weakling Gargoyle Earth Elementalist) comes into view.
You see here 11 gold pieces.
You now have 160 gold pieces (gained 11).
Found a stone staircase leading up.
Health restored: 36 A phantom comes into view.
A phantom is nearby!
The helpless phantom fails to defend itself.
You hit the phantom. You squeeze the phantom.
The phantom is moderately damaged.
The phantom hits you but does no damage.
You closely miss the phantom.
The phantom is moderately damaged.
The phantom hits you.
You take 5 damage, and have 31/36 hp.
You closely miss the phantom.
The phantom is moderately damaged.
The phantom hits you!
You take 9 damage, and have 22/36 hp.
MASSIVE DAMAGE!!
You are too injured to fight recklessly!
You are too injured to fight recklessly!
You hit the phantom.
The phantom is moderately damaged.
The phantom hits you.
* * * LOW HITPOINT WARNING * * *
The phantom blinks!
You take 5 damage, and have 17/36 hp.
The phantom blinks!
The phantom blinks!
You completely miss the phantom. You squeeze the phantom!
The phantom is heavily damaged.
The phantom blinks!
The phantom hits you!
* * * LOW HITPOINT WARNING * * *
You take 8 damage, and have 10/36 hp.
MASSIVE DAMAGE!!
You barely miss the phantom.
The phantom is heavily damaged.
The phantom hits you.
* * * LOW HITPOINT WARNING * * *
You take 3 damage, and have 7/36 hp.
You closely miss the phantom.
The phantom is heavily damaged.
The phantom hits you!
You die...

##
#.###########.##
#.....@W.....#.#
#..##########.#
#.# #.# #.#
#.### #...# ..#.
###.# ..#.## #.#


You could see a phantom.

Vanquished Creatures
  An orc priest (D:3)
  A bullfrog skeleton (D:4)
  3 adders
  An ooze (D:2)
  3 worms (D:2)
  2 dart slugs (D:1)
  A leopard gecko (D:3)
  2 orcs (D:3)
  4 bats
  4 giant cockroaches
  7 goblins
  7 hobgoblins
  A kobold (D:1)
  5 frilled lizards
  7 rats
49 creatures vanquished.

Notes
Turn   | Place    | Note
-------+----------+-------------------------------------------
     0 | D:1      | Monsterracer the Octopode Wanderer began the quest for the Orb.
     0 | D:1      | Monsterracer set off with: a +2 falchion, a +0 spear, a ration, a potion of lignification
     0 | D:1      | Reached XP level 1. HP: 16/16 MP: 1/1
   237 | D:1      | Reached skill level 2 in Long Blades
   237 | D:1      | Reached XP level 2. HP: 20/21 MP: 2/2
   498 | D:1      | HP: 10/21 [goblin (4)]
   831 | D:1      | Reached XP level 3. HP: 16/26 MP: 3/3
  1051 | D:2      | Reached skill level 3 in Long Blades
  1516 | D:2      | Reached XP level 4. HP: 26/31 MP: 4/4
  2268 | D:3      | Reached skill level 4 in Long Blades
  2268 | D:3      | Reached XP level 5. HP: 29/36 MP: 5/5
  2549 | D:4      | Reached skill level 1 in Shields
  2563 | D:4      | Noticed batai666's ghost (weakling GrEE)
  2606 | D:4      | Noticed a phantom
  2612 | D:4      | HP: 17/36 [phantom (5)]
  2622 | D:4      | HP: 10/36 [phantom (8)]
  2624 | D:4      | Slain by a phantom

Skill      XL: |  1  2  3  4  5 |
---------------+----------------+-----
Long Blades    | 2 3 4 |  4.1
Stealth        | 2 |  2.4
Shields        | 1 |  1.0
Fighting       | |  3.3
Bows           | |  2.0
Throwing       | |  1.0
Dodging        | |  2.4

Action                   |  1- 3 |  4- 6 || total
-------------------------+-------+-------++-------
Melee: Falchion          |    55 |    39 ||    94
       Constrict         |    18 |     9 ||    27
       Tentacles         |     9 |    10 ||    19
  Use: Scroll            |       |     8 ||     8
 Stab: Sleeping          |     7 |     3 ||    10
       Distracted        |     1 |       ||     1
  Eat: Chunk             |     2 |     3 ||     5
Armor: Skin              |     5 |     1 ||     6
Dodge: Dodged            |    33 |    16 ||    49
       Rpst.: Falchion   |    18 |     4 ||    22

Vault maps used:
D:1:      grunt_arrival_lava_bath, minmay_misc_feat_four_crosses,
          grunt_decor_cap
D:3:      first_ration
D:4:      cheibrodos_old_hovel, okawaru_ov_weapons_minmay, old_standard_altar,
          chei_slow_surprise
